 Dungeon Crawl Stone Soup version 0.22.0-36-g8e74550 (webtiles) character file.

283 George the Cudgeler (level 6, -2/37 HPs)
             Began as a Gargoyle Fighter on Aug 24, 2018.
             Slain by a river rat (5 damage)
             ... in a sewer.
             The game lasted 00:03:42 (2336 turns).

George the Cudgeler (Gargoyle Fighter)              Turns: 2336, Time: 00:03:42

Health: -2/37      AC: 12    Str: 22    XL:     6   Next: 28%
Magic:  6/6        EV:  7    Int:  8    God:
Gold:   101        SH:  9    Dex:  9    Spells: 5/5 levels left

rFire    . . .     SeeInvis .   a - +0 flail
rCold    . . .     Gourm    .   c - +0 shield
rNeg     + . .     Faith    .   b - +0 scale mail
rPois    ∞         Spirit   .   j - +1 hat
rElec    +         Reflect  .   (no cloak)
rCorr    .         Harm     .   (no gloves)
MR       .....                  (no boots)
Stlth    ..........             (no amulet)
HPRegen  0.12/turn              (no ring)
MPRegen  0.10/turn              (no ring)

@: no status effects
A: negative energy resistance 1, electricity resistance, unbreathing,
petrification resistance, rot immunity, AC +4
a: no special abilities


You were in a sewer.
You were not hungry.

You visited 1 branch of the dungeon, and saw 3 of its levels.
You also visited: Sewer.

You collected 101 gold pieces.

Inventory:

Hand Weapons
 a - a +0 flail (weapon)
Armour
 b - a +0 scale mail (worn)
 c - a +0 shield (worn)
 j - a +1 hat (worn)
Scrolls
 e - a scroll of teleportation
 n - 2 scrolls of remove curse
Potions
 d - a potion of might
 g - a potion of heal wounds {unknown}
 h - a potion of lignification {unknown}
 i - a potion of agility {unknown}
 k - a potion of ambrosia {unknown}
Comestibles
 f - 5 rations


   Skills:
 - Level 3.2 Fighting
 + Level 6.4 Maces & Flails
 - Level 3.2 Armour
 - Level 3.2 Shields


You had 5 spell levels left.
You didn't know any spells.
Your spell library was empty.

Dungeon Overview and Level Annotations

Branches:
Dungeon (3/15)

Altars:
Okawaru


Innate Abilities, Weirdness & Mutations

You are resistant to torment.
Your stone body is resilient. (AC +4)
You are immune to poison.
You resist negative energy. (rN+)
You are resistant to electric shocks. (rElec)
You can survive without breathing.
You are immune to petrification.
You are immune to rotting.


Message History

You kill the river rat!
The rat bites you.
* * * LOW HITPOINT WARNING * * *
You block the river rat's attack.
You hit the river rat.
The river rat is heavily wounded.
The rat splashes around in the water.
Your shield and scale mail prevent you from hitting the river rat.
The river rat is heavily wounded.
You block the rat's attack. The river rat bites you.
* * * LOW HITPOINT WARNING * * *
The rat bites you but does no damage.
The rat twitches its whiskers.
You hit the river rat.
The river rat is severely wounded.
You block the river rat's attack.
The rat splashes around in the water.
You hit the river rat.
You kill the river rat!
The river rat bites you.
You die...

##...# ##...## #
##################....#
##.#≈≈≈≈≈≈≈≈≈≈≈≈≈≈≈#.....#
....≈≈≈≈≈≈≈≈≈≈≈≈≈≈≈.....##
....≈≈≈≈≈≈≈≈≈≈≈≈≈≈≈.....#
..r.≈≈≈≈r#≈≈≈≈≈#≈≈≈.....#
....≈≈≈≈#rrr≈≈≈≈≈≈≈....##
...#≈≈≈≈≈≈≈r@≈≈≈≈≈≈..### .
###################


You could see a river rat and 4 rats.

Vanquished Creatures
  A centaur (D:3)
  Terence (D:2)
  A gnoll (D:1)
  6 adders
  6 river rats
  A worm (D:2)
  3 dart slugs
  A leopard gecko (D:3)
  5 ball pythons
  A giant cockroach (D:1)
  5 goblins
  4 hobgoblins
  3 jackals (D:2)
  4 kobolds
  2 quokkas (D:2)
  6 bats
  4 frilled lizards
  9 rats
63 creatures vanquished.

Notes
Turn   | Place    | Note
-------+----------+-------------------------------------------
     0 | D:1      | George the Gargoyle Fighter began the quest for the Orb.
     0 | D:1      | Reached XP level 1. HP: 14/14 MP: 1/1
   233 | D:1      | Reached skill level 3 in Maces & Flails
   233 | D:1      | Reached XP level 2. HP: 10/19 MP: 2/2
   594 | D:1      | Reached XP level 3. HP: 22/23 MP: 3/3
  1291 | D:2      | Found an iron altar of Okawaru.
  1410 | D:2      | Reached skill level 4 in Maces & Flails
  1415 | D:2      | Noticed Terence
  1423 | D:2      | Killed Terence
  1423 | D:2      | Reached XP level 4. HP: 20/28 MP: 4/4
  2035 | D:3      | Noticed a centaur
  2044 | D:3      | Killed a centaur
  2044 | D:3      | Reached skill level 5 in Maces & Flails
  2044 | D:3      | Reached XP level 5. HP: 27/32 MP: 5/5
  2080 | D:3      | Found a glowing drain.
  2101 | D:3      | Reached skill level 6 in Maces & Flails
  2111 | D:3      | Reached XP level 6. HP: 26/37 MP: 6/6
  2133 | Sewer    | Entered a sewer
  2336 | Sewer    | Slain by a river rat

Skill      XL: |  1  2  3  4  5 |
---------------+----------------+-----
Maces & Flails | 3 4 5 6 |  6.4
Fighting       | |  3.2
Armour         | |  3.2
Shields        | |  3.2

Action                   |  1- 3 |  4- 6 || total
-------------------------+-------+-------++-------
Melee: Flail             |   101 |   170 ||   271
  Use: Scroll            |       |     3 ||     3
  Eat: Chunk             |     2 |     3 ||     5
Armor: Scale mail        |    74 |   103 ||   177
Dodge: Dodged            |    57 |    47 ||   104
Block: Shield            |    81 |   106 ||   187
